 Dungeon Crawl Stone Soup version 0.21-a0-71-g5e5ddd2 (webtiles) character file.

22 Alarkh the Chopper (level 2, 0/24 HPs)
             Began as a Demonspawn Monk on June 19, 2017.
             Slain by a gnoll
             ... wielding a +0 flail
              (15 damage)
             ... on level 2 of the Dungeon.
             The game lasted 00:01:49 (1385 turns).

Alarkh the Chopper (Demonspawn Monk)                Turns: 1385, Time: 00:01:50

Health: 0/24       AC:  2    Str: 13    XL:     2   Next: 68%
Magic:  2/2        EV: 13    Int: 11    God:
Gold:   23         SH:  0    Dex: 17    Spells: 1/1 levels left

rFire    + . .     SeeInvis .   a - +0 hand axe
rCold    . . .     Gourm    .   (no shield)
rNeg     . . .     Faith    .   b - +0 robe
rPois    .         Spirit   .   (no helmet)
rElec    .         Reflect  .   (no cloak)
rCorr    .         Harm     .   (no gloves)
MR       .....                  (no boots)
Stlth    ++........             (no amulet)
HPRegen  0.08/turn              i - ring of protection from fire
MPRegen  0.08/turn              (no ring)

@: no status effects
A: agile 1, powered by death 1, screaming 1, strong 1
a: no special abilities


You were on level 2 of the Dungeon.
You were not hungry.

You visited 1 branch of the dungeon, and saw 2 of its levels.

You collected 23 gold pieces.

Inventory:

Hand Weapons
 a - a +0 hand axe (weapon)
Armour
 b - a +0 robe (worn)
Jewellery
 i - a ring of protection from fire (left hand)
Scrolls
 d - 2 scrolls of teleportation
 h - 2 scrolls of identify {unknown}
Potions
 e - 3 potions of mutation
Comestibles
 c - a bread ration
 f - 3 chunks of flesh
 g - 3 fruits


   Skills:
 - Level 3.0 Fighting
 + Level 3.6 Axes
 - Level 2.6 Dodging
 - Level 1.7 Stealth


You had one spell level left.
You didn't know any spells.

Dungeon Overview and Level Annotations

Branches:
Dungeon (2/15)

Altars:


Innate Abilities, Weirdness & Mutations

You regenerate a little health from kills.
You are agile. (Dex +2)
You occasionally shout uncontrollably at your foes.
Your muscles are strong. (Str +2)


Message History

The gnoll throws a throwing net.
The throwing net closely misses you.
There is a stone staircase leading up here.
You see here 2 throwing nets.
There are monsters nearby!
You climb upwards.
There is a stone staircase leading down here.
Eating one of 4 chunks of flesh.
You eat one of the 4 chunks of flesh.
This raw flesh tastes terrible.
There is a stone staircase leading down, spattered with blood here.
You climb downwards.
The gnoll hits you with a flail!
There is a stone staircase leading up here.
You see here a stone.
You hit the gnoll.
The gnoll is lightly wounded.
The gnoll misses you.
You completely miss the gnoll.
The gnoll is lightly wounded.
The gnoll hits you with a flail!
Ouch! That really hurt!
You die...

# #. ###### #
.. #....# #
.##. #....#
### ##.##..
#....#
..###...
#s..## #.<..#
......#
#..>..##g...#
ggl..#
#..@†...#
.....#
###...#.#
...#.#
##..((..
<###..#
...$..... ##
#...
......... .
#...
......$... .#
.##..
......... ..
# # .......
#>#


You could see a gnoll and a giant cockroach (wandering).

Vanquished Creatures
  A leopard gecko (D:1)
  8 bats
  A giant cockroach (D:1)
  A goblin (D:1)
  3 hobgoblins (D:1)
  2 kobolds
  2 rats (D:1)
18 creatures vanquished.

Vanquished Creatures (others)
  A ball python (D:1)
  A giant cockroach (D:1)
  A kobold (D:1)
3 creatures vanquished.

Grand Total: 21 creatures vanquished

Notes
Turn   | Place    | Note
-------+----------+-------------------------------------------
     0 | D:1      | Alarkh the Demonspawn Monk began the quest for the Orb.
     0 | D:1      | Reached XP level 1. HP: 18/18 MP: 1/1
   336 | D:1      | Gained mutation: You regenerate a little health from kills. [demonic ancestry]
   336 | D:1      | Reached XP level 2. HP: 23/24 MP: 2/2
   840 | D:1      | Gained mutation: You are agile. (Dex +2) [potion of mutation]
   840 | D:1      | Gained mutation: You occasionally shout uncontrollably at your foes. [potion of mutation]
   840 | D:1      | Gained mutation: Your muscles are strong. (Str +2) [potion of mutation]
   844 | D:1      | HP: 1/24 [gnoll/whip (10)]
  1385 | D:2      | Slain by a gnoll

Vault maps used:
D:1:      dpeg_arrival_arbitrary_b, lemuel_old_faithful

Skill      XL: |  1 |
---------------+----+-----
Axes           | 3 |  3.6
Fighting       | |  3.0
Dodging        | |  2.6
Stealth        | |  1.7

Action                   || total
-------------------------++-------
Melee: Hand axe          ||    76
  Use: Potion            ||     2
       Scroll            ||     1
 Stab: Sleeping          ||     3
  Eat: Chunk             ||     2
Armor: Robe              ||    21
Dodge: Dodged            ||    90
